 Dungeon Crawl Stone Soup version 0.27-a0-1149-g4505690ab0 (webtiles) character file.

Game seed: 4703192021195050081

128 st0uf the Twirler (level 4, -2/38 HPs)
             Began as a Draconian Gladiator on May 12, 2021.
             Slain by an orc wizard
             ... wielding a +0 dagger
              (3 damage)
             ... on level 3 of the Dungeon.
             The game lasted 00:04:55 (2395 turns).

st0uf the Twirler (Draconian Gladiator)             Turns: 2395, Time: 00:04:56

Health: -2/38      AC:  6    Str: 16    XL:     4   Next: 87%
Magic:  4/4        EV: 13    Int:  9    God:
Gold:   33         SH:  0    Dex: 13    Spells: 3/3 levels left

rFire    . . .     SeeInvis .   a - +0 quarterstaff
rCold    . . .     Faith    .   (shield currently unavailable)
rNeg     . . .     Spirit   .   (armour unavailable)
rPois    .         Reflect  .   b - +0 hat
rElec    .         Harm     .   j - +0 cloak
rCorr    .         Rampage  .   (no gloves)
Will     .....                  (no boots)
Stlth    +.........             (no amulet)
HPRegen  0.12/turn              (no ring)
MPRegen  0.09/turn              (no ring)

@: confused
A: AC +5, unfitting armour, cold-blooded
a: no special abilities


You were on level 3 of the Dungeon.
You visited 1 branch of the dungeon, and saw 3 of its levels.

You collected 33 gold pieces.

Inventory:

Hand Weapons
 a - a +0 quarterstaff (weapon)
Missiles
 c - 3 throwing nets (quivered)
 d - 8 poisoned darts
 f - 86 stones
Armour
 b - a +0 hat (worn)
 j - a +0 cloak (worn)
Scrolls
 g - 6 scrolls of teleportation {unknown}
 h - 2 scrolls of identify {unknown}
 k - a scroll of fog {unknown}
Potions
 e - a potion of degeneration {unknown}
 i - 2 potions of heal wounds {unknown}


   Skills:
 + Level 3.0 Fighting
 + Level 4.7 Staves
 + Level 1.9 Throwing
 + Level 3.1 Dodging
 + Level 0.8 Stealth


You had 3 spell levels left.
You didn't know any spells.
Your spell library contained the following spells:

 Spells                   Type           Power      Damage    Failure   Level
 Animate Skeleton         Necr           0%         N/A       38%         1
 Apportation              Tloc           0%         N/A       38%         1
 Corona                   Hex            0%         N/A       38%         1
 Summon Small Mammal      Summ           0%         N/A       38%         1


Dungeon Overview and Level Annotations

Branches:
Dungeon (3/15)

Altars:
Elyvilon
Qazlal
Zin

Shops:
D:1 ?

Annotations:
D:3 Grinder


Innate Abilities, Weirdness & Mutations

Your plain brown scales are hard. (AC +5)
You cannot fit into any form of body armour.
You are cold-blooded and may be slowed by cold attacks.


Message History

You hit the orc wizard. You tail-slap the orc wizard.
The orc wizard is moderately wounded.
The orc wizard gestures at you while chanting.
You are confused.
You bump into the rock wall.
The orc wizard hits you but does no damage.
You hit the orc wizard but do no damage.
Your tail-slap misses the orc wizard.
The orc wizard is moderately wounded.
The orc wizard barely misses you.
The orc wizard gestures at itself while chanting.
The orc wizard flickers and vanishes!
Deactivating autopickup; reactivate with Ctrl-A.
You bump into the rock wall.
You bump into the rock wall.
Something hits you but does no damage.
You bump into the rock wall.
You hit the orc but do no damage.
You tail-slap the orc, but do no damage.
You feel less confused.
You hear some strange, mumbled words.
Something tries to affect you, but you resist.
The orc barely misses you. Something barely misses you.
You hit the orc.
The orc is moderately wounded.
The orc misses you.
You hear some strange, mumbled words.
You are confused.
You barely miss something. Something hits you.
You barely miss something. The orc barely misses you.
The orc hits you with a +0 mace. Something hits you but does no damage.
You miss the orc. You tail-slap the orc.
The orc is severely wounded.
The orc hits you with a +0 falchion!
* * * LOW HITPOINT WARNING * * *
The orc hits you with a +0 mace.
* * * LOW HITPOINT WARNING * * *
Something hits you but does no damage.
You bump into the rock wall.
The orc closely misses you. The orc hits you but does no damage.
Something hits you.
You die...

####################
.......@o..).......#
#######o##########.#
##o####### #.#
#.o......####.##
#..#####.......####
#..)# ##...........#
#...#.###<....##..##.#
.[o.................#
#
.##.....###†....##..#


You could see 4 orcs.

Vanquished Creatures
  Jessica (D:2)
  An orc wizard (D:3)
  2 adders (D:2)
  An adder skeleton (D:3)
  A worm (D:2)
  3 dart slugs
  4 orcs (D:3)
  3 endoplasms
  A giant cockroach (D:1)
  A goblin (D:2)
  3 hobgoblins
  4 jackals (D:1)
  3 kobolds
  3 quokkas
  3 ball pythons (D:1)
  2 bats
  A frilled lizard (D:2)
  7 rats
44 creatures vanquished.

Vanquished Creatures (others)
  A plant (D:3)
1 creature vanquished.

Grand Total: 45 creatures vanquished

Notes
Turn   | Place    | Note
-------+----------+-------------------------------------------
     0 | D:1      | st0uf the Draconian Gladiator began the quest for the Orb.
     0 | D:1      | Reached XP level 1. HP: 17/17 MP: 1/1
   310 | D:1      | Reached XP level 2. HP: 19/24 MP: 2/2
   509 | D:1      | You fall into a shaft and drop 1 floor!
   591 | D:1      | Found Tieme's Magic Scroll Emporium.
  1428 | D:2      | Reached XP level 3. HP: 25/30 MP: 3/3
  1597 | D:2      | You fall into a shaft and drop 1 floor!
  1599 | D:3      | Found a glowing silver altar of Zin.
  1601 | D:3      | Found a stormy altar of Qazlal.
  1601 | D:3      | Found a white marble altar of Elyvilon.
  1631 | D:3      | Noticed Grinder
  1633 | D:3      | Paralysed by Grinder for 6 turns
  1869 | D:2      | Noticed Jessica
  1873 | D:2      | Killed Jessica
  1874 | D:2      | Reached skill level 4 in Staves
  1874 | D:2      | Reached XP level 4. HP: 30/37 MP: 4/4
  2394 | D:3      | HP: 1/38 [orc/+0 mace (4)]
  2395 | D:3      | Slain by an orc wizard

Illustrated notes

Levels and vault maps discovered:
D:1:      tarquinn_simple_flora_water_d, layout_basic, serial_shops, shop
D:2:      layout_rooms, uniq_jessica
D:3:      minmay_spotlight, layout_loops_ring,
          gammafunk_temple_overflow_forgotten,
          shapermc_ecumenical_altar_hornbeckon, kennysheep_boxes,
          uniq_crazy_yiuf_cottage, uniq_grinder

Skill      XL: |  1  2  3  4 |
---------------+-------------+-----
Dodging        | 3 |  3.1
Staves         | 4 |  4.7
Fighting       | 3 |  3.0
Throwing       | |  1.9
Stealth        | |  0.8

Action                   |  1- 3 |  4- 6 || total
-------------------------+-------+-------++-------
Melee: Quarterstaff      |    76 |    60 ||   136
       Tailslap          |    13 |     9 ||    22
 Stab: Sleeping          |       |     1 ||     1
Armor: Skin              |    15 |    23 ||    38
Dodge: Dodged            |    44 |    43 ||    87

Table legend: (Time is in decaauts)
 A = Elapsed time spent in this place.
 B = Non-inter-level travel time spent in this place.
 C = Inter-level travel time spent in this place.
 D = Time resting spent in this place.
 E = Time spent auto-exploring this place.
 F = Levels seen in this place.
 G = Mean time per level.
                   A        B        C        D        E       F      G
               +--------+--------+--------+--------+--------+-----+--------+
         Total |   2413 |   2362 |     51 |    227 |   1761 |   3 |  804.3 |
       Dungeon |   2413 |   2362 |     51 |    227 |   1761 |   3 |  804.3 |
               +--------+--------+--------+--------+--------+-----+--------+

Top non-repeatable levels by time:
     D:1: 1262 daAuts
     D:2: 1022 daAuts
     D:3: 127 daAuts
